 Dungeon Crawl Stone Soup version 0.30-a0-394-g3e4acdb0ae (webtiles) character file.

Game seed: 9341412544200033760

302 Bnni the Poker (level 6, -1/72 (75) HPs)
             Began as a Formicid Fighter on Dec 6, 2022.
             Succumbed to an orc wizard's poison
             ... on level 4 of the Dungeon.
             The game lasted 00:04:57 (2326 turns).

Bnni the Poker (Formicid Fighter)                   Turns: 2326, Time: 00:04:57

HP:   -1/72 (75)    AC: 23    Str: 19 (22) XL:     6   Next: 65%
MP:   6/6           EV:  2    Int:  6 (8)  God:
Gold: 163           SH:  5    Dex: 11 (13) Spells: 5/5 levels left

rFire   + . .      SeeInvis .    a - +0 trident
rCold   . . .      Faith    .    c - +0 buckler
rNeg    . . .      Spirit   .    (body armour currently unavailable)
rPois   +          Reflect  .    (helmet unavailable)
rElec   .          Harm     .    (cloak currently unavailable)
rCorr   .          Rampage  .    (gloves currently unavailable)
Will    .....                    (boots currently unavailable)
Stlth   +.........               k - amulet of magic regeneration
HPRegen 0.32/turn                s - ring of protection from fire
MPRegen 0.50/turn                (no ring)

@: mighty, lethally poisoned (-1 -> -11), tree-form, attractive, lightly
drained, invisible
A: stationary, stasis, torment immunity, boosted hp, permanent stasis, dig
shafts and tunnels, (antennae 3), four strong arms
a: no special abilities


You were on level 4 of the Dungeon.
You were a tree.
You visited 1 branch of the dungeon, and saw 4 of its levels.

You collected 163 gold pieces.

Inventory:

Hand Weapons
 a - a +0 trident (weapon)
Missiles
 w - 3 poisoned darts
Armour
 c - a +0 buckler (worn)
 l - a +0 pair of boots (melded)
 r - a +3 scale mail of cold resistance (melded)
Jewellery
 k - an amulet of magic regeneration (around neck)
 s - a ring of protection from fire (left branch)
Wands
 i - a wand of flame (21)
 q - a wand of polymorph (5)
 t - a wand of mindburst (10)
Scrolls
 b - 2 scrolls of vulnerability {unknown}
 f - 3 scrolls of fog
 j - 4 scrolls of identify {unknown}
 m - a scroll of noise {unknown}
 o - a scroll of torment {unknown}
 u - a scroll of enchant armour {unknown}
Potions
 d - 2 potions of might
 p - 2 potions of degeneration


   Skills:
 + Level 4.9 Fighting
 * Level 5.1 Polearms
 - Level 3.2 Armour
 - Level 5.0 Shields


You had 5 spell levels left.
You didn't know any spells.
Your spell library contained the following spells:

 Spells                   Type           Power      Damage    Failure   Level
 Summon Small Mammal      Summ           0%         N/A       52%         1
 Ozocubu's Armour         Ice            0%         N/A       87%         3
 Ozocubu's Refrigeration  Ice            0%         4d7       100%        7


Dungeon Overview and Level Annotations

Branches:
Dungeon (4/15)
 Temple: D:4-7

Altars:
Qazlal
Ru

Shops:
D:1 (


Innate Abilities, Weirdness & Mutations

You are a tree.
Your roots penetrate the ground, keeping you stationary.
You cannot be teleported.
You are immune to unholy pain and torment.
Your maximum health is greatly increased.
Your equipment is partially melded.
You cannot be hasted, slowed, berserked, paralysed or teleported.
You can dig through walls and to a lower floor.
((You have a pair of large antennae on your head. (SInv)))
Your four strong arms can wield two-handed weapons with a shield.


Message History

The centaur shoots an arrow.
The arrow hits you.
* * * LOW HITPOINT WARNING * * *
The howler monkey hoots and howls with incredible vigour!
The centaur shoots an arrow.
You block the arrow. You block the goblin's attack.
You block the necrophage's attack. The orc wizard barely misses you.
You hear a bark!
You hear a shout!
You hear a bark!
You hear a shout!
It was a potion of lignification.
You turn into a tree.
Your +0 pair of boots melds into your body.
Your +3 scale mail of cold resistance melds into your body.
You feel less resistant to cold.
Your roots penetrate the ground.
* * * LOW HITPOINT WARNING * * *
You feel very sick.
The centaur shoots an arrow.
The arrow hits you but does no damage. You block the goblin's attack. x2
The necrophage hits you but does no damage.
The orc wizard hits you but does no damage.
It was a potion of invisibility.
You fade into invisibility!
* * * LOW HITPOINT WARNING * * *
You feel sick.
The centaur shoots an arrow.
The arrow hits you but does no damage. The goblin hits you but does no damage.
You block the goblin's attack.
The orc wizard hits you but does no damage.
You are lethally poisoned!
The necrophage hits you but does no damage.
The scorpion stings you but does no damage.
It was a potion of berserk rage.
Your stasis prevents you from going berserk.
* * * LOW HITPOINT WARNING * * *
You feel very sick.
The centaur shoots an arrow.
The arrow closely misses the necrophage.
The arrow hits you.
* * * LOW HITPOINT WARNING * * *
A wyvern comes into view.
The necrophage hits you but does no damage.
It was a potion of attraction.
You feel attractive to monsters.
You die...

.... ...... #. .... #.#
#.# # (.. {###[# #.#
#.##.. .#.#
#.......l#####..##
#.#.#.##..ocsg...#..
♣#>#.#.##..n..h....##
..#.#.##..♣.g$......
♣#.#.#.##..g.......##
♣.<#.#.##..........#
######)†.#.##.......)..#
........)...##..........#
.......##...#...........#
.[..........#...........#
.......####.#.#...#+#####
####### #...#†#.#


You could see a wyvern (wandering, unable to see you), a necrophage (unable to
see you), a centaur (unable to see you), a scorpion (unable to see you), a
howler monkey (unable to see you), an orc wizard (unable to see you), a
hobgoblin (unable to see you) and 2 goblins.

Vanquished Creatures
  An ogre (D:4)
  A hound (D:3)
  An iguana (D:3)
  Ijyb (D:3)
  Terence (D:2)
  2 adders (D:2)
  A worm (D:2)
  2 dart slugs (D:1)
  3 orcs
  5 endoplasms
  5 giant cockroaches
  7 hobgoblins
  3 jackals
  7 kobolds
  7 quokkas
  7 ball pythons
  7 bats
  4 frilled lizards
  8 goblins
  5 rats
78 creatures vanquished.

Notes
Turn   | Place    | Note
-------+----------+-------------------------------------------
     0 | D:1      | Bnni the Formicid Fighter began the quest for the Orb.
     0 | D:1      | Reached XP level 1. HP: 18/18 MP: 1/1
   120 | D:1      | Reached XP level 2. HP: 24/24 MP: 2/2
   157 | D:1      | Reached XP level 3. HP: 27/29 MP: 3/3
   252 | D:1      | Found Kuplatwi's Antique Weapon Shop.
   881 | D:2      | Reached skill level 5 in Shields
   881 | D:2      | Reached XP level 4. HP: 37/37 MP: 4/4
  1128 | D:2      | Noticed Terence
  1138 | D:2      | Killed Terence
  1139 | D:2      | Reached XP level 5. HP: 42/42 MP: 5/5
  1323 | D:2      | Found a stormy altar of Qazlal.
  1586 | D:3      | Noticed Ijyb
  1662 | D:3      | Killed Ijyb
  1972 | D:3      | Found a faded altar of an unknown god.
  1976 | D:3      | Got Plato's Dissertation on Formation
  2055 | D:3      | Found a sacrificial altar of Ru.
  2143 | D:4      | Noticed an ogre
  2225 | D:3      | Reached XP level 6. HP: 37/49 MP: 6/6
  2275 | D:4      | Killed an ogre
  2276 | D:4      | Reached skill level 5 in Polearms
  2325 | D:4      | HP: 2/72 [centaur/arrow (3)]
  2325 | D:4      | Noticed a wyvern
  2326 | D:4      | Succumbed to an orc wizard's poison

Illustrated notes

Levels and vault maps discovered:
D:1:      lightli_arrival_farm, layout_loops_ring, serial_shops, shop_statue,
          minmay_misc_feat_alley, minmay_pentomino_w4
D:2:      layout_loops_ring, basic_altar, minmay_statues_item, uniq_terence
D:3:      layout_rooms, marbit_many_paths, shapermc_ecumenical_altar_rom_forum,
          uniq_ijyb
D:4:      layout_basic, kennysheep_mini_moat, okawaru_gym_becter,
          amcnicky_altar_gilded, grunt_gozag_breadcrumbs, minmay_manual_mail,
          uniq_pikel, uniq_edmund

Skill      XL: |  1  2  3  4  5  6 |
---------------+-------------------+-----
Polearms       | 3 4 5 |  5.1
Shields        | 5 |  5.0
Fighting       | 4 |  4.9
Armour         | |  3.2

Action                   |  1- 3 |  4- 6 || total
-------------------------+-------+-------++-------
Melee: Trident           |    91 |   175 ||   266
Evoke: Wand              |       |     4 ||     4
  Use: Scroll            |       |     1 ||     1
       Potion            |       |     9 ||     9
Armor: Scale mail        |    19 |    42 ||    61
       Chain mail        |    19 |    39 ||    58
       Skin              |       |    13 ||    13
Dodge: Dodged            |    29 |    69 ||    98
Block: Buckler           |    20 |    55 ||    75

Table legend: (Time is in decaauts)
 A = Elapsed time spent in this place.
 B = Non-inter-level travel time spent in this place.
 C = Inter-level travel time spent in this place.
 D = Time resting spent in this place.
 E = Time spent auto-exploring this place.
 F = Levels seen in this place.
 G = Mean time per level.
                   A        B        C        D        E       F      G
               +--------+--------+--------+--------+--------+-----+--------+
         Total |   2377 |   2236 |    141 |     23 |   1584 |   4 |  594.2 |
       Dungeon |   2377 |   2236 |    141 |     23 |   1584 |   4 |  594.2 |
               +--------+--------+--------+--------+--------+-----+--------+

Top non-repeatable levels by time:
     D:1: 901 daAuts
     D:3: 728 daAuts
     D:2: 651 daAuts
     D:4: 96 daAuts
